 Dungeon Crawl Stone Soup version 0.27.1-33-g824d729ab1 (webtiles) character file.

Game seed: 16495415200872988103

109 Holzbalken the Poker (level 4, -2/33 HPs)
             Began as a Demonspawn Gladiator on Dec 3, 2021.
             Slain by Sigmund (8 damage)
             ... on level 2 of the Dungeon.
             The game lasted 00:07:11 (2007 turns).

Holzbalken the Poker (Demonspawn Gladiator)         Turns: 2007, Time: 00:07:11

Health: -2/33      AC:  6    Str: 16    XL:     4   Next: 59%
Magic:  4/4        EV: 11    Int:  9    God:
Gold:   90         SH:  0    Dex: 16    Spells: 3/3 levels left

rFire    + + .     SeeInvis .   a - +0 trident
rCold    x . .     Faith    .   (no shield)
rNeg     . . .     Spirit   .   j - +0 ring mail
rPois    .         Reflect  .   c - +0 helmet
rElec    .         Harm     .   (no cloak)
rCorr    .         Rampage  .   (no gloves)
Will     .....                  (no boots)
Stlth    ++........             (no amulet)
HPRegen  0.11/turn              i - ring of protection from fire
MPRegen  0.09/turn              k - ring of fire

@: no status effects
A: thin skeletal structure 1, foul stench 1
a: no special abilities


You were on level 2 of the Dungeon.
You visited 1 branch of the dungeon, and saw 3 of its levels.

You collected 90 gold pieces.

Inventory:

Hand Weapons
 a - a +0 trident (weapon)
Missiles
 d - 3 throwing nets (quivered)
Armour
 b - a +0 leather armour
 c - a +0 helmet (worn)
 j - a +0 ring mail (worn)
Jewellery
 i - a ring of protection from fire (left hand)
 k - a ring of fire (right hand)
 o - a ring of ice
Scrolls
 e - a scroll of fog {unknown}
 l - a scroll of noise {unknown}
 m - 4 scrolls of identify {unknown}
 n - a scroll of vulnerability {unknown}
 q - a scroll of teleportation {unknown}
 s - a scroll of brand weapon {unknown}
Potions
 f - a potion of curing {unknown}
 g - 2 potions of lignification {unknown}
 h - a potion of cancellation {unknown}
 p - a potion of heal wounds {unknown}
 r - a potion of degeneration {unknown}


   Skills:
 - Level 2.0 Fighting
 + Level 4.9 Polearms
 - Level 1.7 Throwing
 - Level 2.6 Dodging


You had 3 spell levels left.
You didn't know any spells.
Your spell library contained the following spells:

 Spells                   Type           Power      Damage    Failure   Level
 Sting                    Tmut/Pois      0%         1d3       61%         1
 Poisonous Vapours        Pois/Air       0%         N/A       75%         2
 Ignite Poison            Fire/Tmut/Pois 0%         N/A       93%         3
 Mephitic Cloud           Conj/Pois/Air  0%         N/A       93%         3
 Olgreb's Toxic Radiance  Pois           0%         N/A       100%        4
 Summon Lightning Spire   Summ/Air       0%         N/A       100%        4
 Blade Hands              Tmut           0%         N/A       100%        5
 Bolt of Magma            Conj/Fire/Erth 0%         4d4       100%        5
 Irradiate                Conj/Tmut      0%         3d13      100%        5
 Dragon Form              Tmut           0%         N/A       100%        7
 Storm Form               Tmut/Air       0%         N/A       100%        7
 Maxwell's Capacitive Co  Air            0%         ∞         100%        8


Dungeon Overview and Level Annotations

Branches:
Dungeon (3/15)

Altars:

Shops:
D:1 :

Annotations:
D:2 Sigmund


Innate Abilities, Weirdness & Mutations

You have a somewhat thin skeletal structure. (Dex +2, Stealth+)
You may rarely emit foul miasma when damaged in melee.


Message History

A frilled lizard comes into view.
Found a scroll labelled XURACS PUHIO.
The frilled lizard hisses angrily.
You reach to attack!
You puncture the frilled lizard!
You kill the frilled lizard!
No target in view!
No target in view!
Found a stone staircase leading down.
s - a scroll labelled XURACS PUHIO
Found a stone staircase leading up.
Found 16 gold pieces.
You now have 90 gold pieces (gained 16).
A kobold comes into view. It is wielding a +0 short sword.
The kobold shouts!
You hear a shout!
You reach to attack!
You barely miss the kobold. You barely miss the kobold.
Sigmund the Dreaded comes into view.
He is wielding a +0 scythe.
The kobold hits you with a +0 short sword.
You closely miss the kobold. The kobold hits you but does no damage.
Sigmund shouts!
You hit the kobold.
You kill the kobold!
Sigmund mumbles some strange words.
Sigmund flickers and vanishes!
Deactivating autopickup; reactivate with Ctrl-A.
No target in view!
A quokka comes into view.
Things that are here:
a +0 short sword; a stone Something hits you!
You puncture something!
You hear some strange, mumbled words.
A magic dart appears from out of thin air!
The magic dart hits you.
You miss something. Something hits you.
You hit something but do no damage. Something hits you!
* * * LOW HITPOINT WARNING * * *
You hit something but do no damage. You closely miss something.
Something hits you!
You die...

################
.....r{@.).....#
.#############.#
########....#.#########
.......................
.......#.#...###.######
.......#.##..###.######
.......#.#.......##....
.......#.....######....
.......####...# #....


You could see a quokka.

Vanquished Creatures
  Jessica (D:2)
  4 adders
  A dart slug (D:3)
  An orc (D:3)
  3 bats (D:1)
  4 endoplasms
  2 giant cockroaches
  5 goblins
  5 hobgoblins
  2 quokkas
  4 ball pythons
  6 frilled lizards
  3 kobolds
  3 rats
44 creatures vanquished.

Vanquished Creatures (others)
  A plant (D:3)
1 creature vanquished.

Grand Total: 45 creatures vanquished

Notes
Turn   | Place    | Note
-------+----------+-------------------------------------------
     0 | D:1      | Holzbalken the Demonspawn Gladiator began the quest for the
                  | Orb.
     0 | D:1      | Reached XP level 1. HP: 16/16 MP: 1/1
    79 | D:1      | Found a faded altar of an unknown god.
   109 | D:1      | Reached skill level 3 in Polearms
   253 | D:1      | Gained mutation: You may rarely emit foul miasma when
                  | damaged in melee. [demonic ancestry]
   253 | D:1      | Reached XP level 2. HP: 14/22 MP: 2/2
   662 | D:1      | Found Ewnovuw's Book Shoppe.
  1040 | D:2      | Noticed Jessica
  1047 | D:2      | Killed Jessica
  1048 | D:2      | Reached skill level 4 in Polearms
  1048 | D:2      | Gained mutation: You have a somewhat thin skeletal
                  | structure. (Dex +2, Stealth+) [demonic ancestry]
  1048 | D:2      | Reached XP level 3. HP: 14/27 MP: 3/3
  1269 | D:2      | You fall into a shaft and drop 1 floor!
  1313 | D:3      | Reached XP level 4. HP: 33/33 MP: 4/4
  1501 | D:3      | Noticed a phantom
  1997 | D:2      | Noticed Sigmund
  2007 | D:2      | Slain by Sigmund

Illustrated notes

Levels and vault maps discovered:
D:1:      lightli_arrival_windingriver, layout_basic, serial_shops,
          nicolae_shop_waterfront, shapermc_ecumenical_altar_mp_highgroup,
          minmay_pentomino_q2
D:2:      layout_basic, uniq_jessica, uniq_sigmund
D:3:      cheibrodos_old_hovel, layout_basic, roderic_roman_lattice,
          bh_walls_and_bars

Skill      XL: |  1  2 |
---------------+-------+-----
Polearms       | 3 4 |  4.9
Fighting       | |  2.0
Throwing       | |  1.7
Dodging        | |  2.6

Action                   |  1- 3 |  4- 6 || total
-------------------------+-------+-------++-------
Melee: Trident           |    97 |    57 ||   154
 Stab: Sleeping          |       |     2 ||     2
Armor: Leather armour    |     6 |       ||     6
       Ring mail         |    13 |    21 ||    34
Dodge: Dodged            |    48 |    19 ||    67
